 Dungeon Crawl Stone Soup version 0.21.1-1-g345015f (webtiles) character file.

14030 JirkfaceJones the Geomancer (level 12, -3/76 HPs)
             Began as a Gargoyle Earth Elementalist on Feb 24, 2018.
             Was a Believer of Vehumet.
             Slain by a komodo dragon (17 damage)
             ... on level 2 of the Lair of Beasts on Mar 3, 2018.
             The game lasted 01:02:57 (14434 turns).

JirkfaceJones the Geomancer (GrEE)                 Turns: 14434, Time: 01:02:57

Health: -3/76      AC: 10    Str: 12    XL:     12   Next: 12%
Magic:  17/24      EV: 15    Int: 24    God:    Vehumet [**....]
Gold:   660        SH:  8    Dex: 10    Spells: 14/27 levels left

rFire    . . .     SeeInvis .   U - staff of conjuration
rCold    . . .     Gourm    +   a - +3 buckler
rNeg     + . .     Faith    .   (no armour)
rPois    ∞         Spirit   .   v - +0 helmet
rElec    +         Reflect  .   (no cloak)
rCorr    .         Harm     .   (no gloves)
MR       .....                  K - +0 pair of boots
Stlth    ++........             o - amulet of the gourmand
HPRegen  0.22/turn              y - ring of wizardry
MPRegen  0.19/turn              u - +3 ring of intelligence

@: no status effects
A: negative energy resistance 1, electricity resistance, unbreathing,
petrification resistance, rot immunity, AC +8
a: Renounce Religion


You were on level 2 of the Lair of Beasts.
You worshipped Vehumet.
Vehumet was pleased with you.
You were not hungry.

You visited 3 branches of the dungeon, and saw 14 of its levels.
You also visited: Sewer.

You collected 660 gold pieces.

Inventory:

Hand Weapons
 c - the +9 staff of Wucad Mu {channel}
   (You took it off a kobold on level 11 of the Dungeon)
 f - a +0 short sword
 i - the cursed +1 quarterstaff "Doebriell" {vamp, Dex+3, unknown}
   (You took it off a big kobold on level 11 of the Dungeon)

   It inflicts no extra harm, but heals its wielder when it wounds a living foe.
   It affects your dexterity (+3).
   It has a curse placed upon it.
 k - a +2 dagger of venom
 H - a +2 short sword of venom
 R - a +3 short sword of holy wrath
 Z - a +3 short sword
Armour
 a - a +3 buckler (worn)
 v - a +0 helmet (worn)
 E - a +2 robe of fire resistance
 K - a +0 pair of boots (worn)
 W - a +3 leather armour
 X - a +1 robe of cold resistance
Magical Staves
 U - an uncursed staff of conjuration (weapon)
Jewellery
 l - a +3 ring of dexterity
 o - an amulet of the gourmand (around neck)
 u - a +3 ring of intelligence (right hand)
 x - a +1 ring of evasion
 y - a ring of wizardry (left hand)
 D - an uncursed ring of protection from fire
 L - an uncursed ring of ice
 N - an uncursed ring of see invisible
 P - the ring of Wu Jian's Condemnation {*Tele +Inv}
   (You found it on level 7 of the Dungeon)

   [ring of teleportation]

   It may teleport you next to monsters.
   It lets you turn invisible.
 S - an uncursed ring of magical power
Wands
 z - a wand of flame (67)
 A - a wand of digging (11)
 M - a wand of disintegration (30)
Scrolls
 g - 4 scrolls of enchant weapon
 j - 5 scrolls of remove curse
 n - a scroll of fog
 r - a scroll of fear
 C - 5 scrolls of teleportation
 J - 2 scrolls of immolation
 O - a scroll of blinking
 Y - a scroll of amnesia {unknown}
Potions
 b - a potion of heal wounds
 h - 4 potions of curing
 m - 5 potions of flight
 p - a potion of invisibility
 q - 2 potions of brilliance
 w - a potion of mutation
 B - 3 potions of agility
 F - 2 potions of might
 I - 4 potions of lignification
 Q - a potion of ambrosia
 T - a potion of cancellation {unknown}
Books
 e - a book of Geomancy

   Spells                             Type                      Level
   a - Sandblast                      Earth                        1
   b - Passwall                       Transmutation/Earth          2
   c - Stone Arrow                    Conjuration/Earth            3
   d - Petrify                        Transmutation/Earth          4
   e - Lee's Rapid Deconstruction     Earth                        5
 s - a book of Cantrips

   Spells                             Type                      Level
   a - Confusing Touch                Hexes                        1
   b - Animate Skeleton               Necromancy                   1
   c - Summon Small Mammal            Summoning                    1
   d - Apportation                    Translocation                1
 G - a book of Misfortune

   Spells                             Type                      Level
   a - Confusing Touch                Hexes                        1
   b - Confuse                        Hexes                        3
   c - Gell's Gravitas                Translocation                3
   d - Petrify                        Transmutation/Earth          4
   e - Metabolic Englaciation         Hexes/Ice                    5
   f - Yara's Violent Unravelling     Hexes/Transmutation          5
 V - a book of Maledictions

   Spells                             Type                      Level
   a - Corona                         Hexes                        1
   b - Ensorcelled Hibernation        Hexes/Ice                    2
   c - Confuse                        Hexes                        3
   d - Tukima's Dance                 Hexes                        3
   e - Dazzling Spray                 Conjuration/Hexes            3
Comestibles
 d - 22 rations


   Skills:
 + Level 9.1 Fighting
 + Level 7.1 Dodging
 - Level 2.1 Stealth
 - Level 6.0 Shields
 + Level 8.0 Spellcasting
 + Level 8.6 Conjurations
 - Level 0.7 Transmutations
 + Level 10.8 Earth Magic


You had 14 spell levels left.
You knew the following spells:

 Your Spells              Type           Power        Failure   Level  Hunger
a - Sandblast             Erth           ######       1%          1    None
b - Stone Arrow           Conj/Erth      ######       1%          3    None
c - Lee's Rapid Deconstr  Erth           ######....   1%          5    #####..
d - Petrify               Tmut/Erth      #####...     2%          4    ##.....


Dungeon Overview and Level Annotations

Branches:
Dungeon (11/15)            Temple (1/1) D:7            Lair (2/6) D:11
    Orc (0/2) D:10
  Swamp: Lair:2-4    Shoals: Lair:2-4     Snake: Lair:2-4    Spider: Lair:2-4

Altars:
Ashenzari
Cheibriados
Dithmenos
Elyvilon
Fedhas
Gozag
Hepliaklqana
Kikubaaqudgha
Makhleb
Nemelex Xobeh
Okawaru
Qazlal
Ru
Sif Muna
Trog
Uskayaw
Vehumet
Wu Jian
Xom
Yredelemnul
Zin
The Shining One
Beogh


Innate Abilities, Weirdness & Mutations

You are resistant to torment.
Your stone body is resilient. (AC +8)
You are immune to poison.
You resist negative energy. (rN+)
You are resistant to electric shocks. (rElec)
You can survive without breathing.
You are immune to petrification.
You are immune to rotting.


Message History

Confirm with . or Enter, or press ? or * to list all spells.
Aiming: Sandblast
Press: ? - help, Shift-Dir - straight line, f/p - komodo dragon
Aim: a komodo dragon (almost dead)
You don't have any stones to cast with.
Casting: Sandblast
Confirm with . or Enter, or press ? or * to list all spells.
Aiming: Sandblast
Press: ? - help, Shift-Dir - straight line, f/p - komodo dragon
Aim: a komodo dragon (almost dead)
You don't have any stones to cast with.
Casting: Sandblast
Confirm with . or Enter, or press ? or * to list all spells.
Aiming: Stone Arrow
Press: ? - help, Shift-Dir - straight line, f/p - komodo dragon
Aim: a komodo dragon (almost dead)
You feel a surge of power!
The stone arrow misses the komodo dragon.
The komodo dragon bites you!
You die...

#..# # P. #+### #####..## #. .
....### ####.......##### #. ##.
......##. #..........#.###P.
....##.......###P.......#........
....#...#.....#†..........#....#.
#........?.#†.†#........#####..+.
....⌠...⌠.".#..#.........# ###.†
#.....<........+@.......## #.÷
#...⌠Y..⌠...#..#l...##.## #P.
#..........#....##.##### ##<
.....Y..##.#..##...P# #.#
...F.####....## .#### ## .#...
....## ..# ..#. ..#.# .+# ...## .
#. .


You could see a komodo dragon.

Vanquished Creatures
  Erolcha (D:11)
  A hydra (Lair:2)
  Fannar (D:11)
  A black mamba (Lair:1)
  Joseph (D:7)
  A centaur skeleton (D:11)
  3 komodo dragons
  2 trolls (D:11)
  3 hippogriffs
  Sigmund (D:4)
  9 yaks
  3 wyverns
  The ghost of Unforgiven the Ogre Mage, an amateur OgWz (D:3)
  A hungry ghost (D:10)
  3 water moccasins
  4 porcupines
  A hornet zombie (D:5)
  5 orc warriors
  2 black bears (D:11)
  2 phantoms
  5 sky beasts
  A necrophage (D:6)
  2 ice beasts
  2 ogres
  6 wolves (Lair:1)
  3 centaurs
  3 big kobolds
  9 bullfrogs
  5 scorpions
  16 killer bees
  4 wights (D:11)
  2 electric eels
  4 howler monkeys
  5 crimson imps
  A centaur zombie (D:6)
  A bullfrog skeleton (D:7)
  2 jellies
  12 orc wizards
  6 orc priests
  A hound (D:7)
  5 iguanas
  Terence (D:3)
  8 worker ants
  A killer bee zombie (D:6)
  A hound skeleton (D:5)
  Robin (D:4)
  17 adders
  6 gnolls
  A river rat (D:5)
  4 oozes
  4 worms
  9 leopard geckos
  36 orcs
  3 ball pythons
  12 bats
  10 giant cockroaches
  22 goblins
  9 hobgoblins
  17 jackals
  9 quokkas
  8 frilled lizards
  A jackal skeleton (D:8)
  25 kobolds
  10 rats
356 creatures vanquished.

Vanquished Creatures (others)
  18 fungi
  11 plants
29 creatures vanquished.

Grand Total: 385 creatures vanquished

Notes
Turn   | Place    | Note
-------+----------+-------------------------------------------
     0 | D:1      | JirkfaceJones the Gargoyle Earth Elementalist began the quest for the Orb.
     0 | D:1      | Reached XP level 1. HP: 10/10 MP: 3/3
   203 | D:1      | Reached XP level 2. HP: 16/16 MP: 3/5
   345 | D:1      | Reached skill level 4 in Earth Magic
   838 | D:2      | Reached skill level 1 in Fighting
   853 | D:2      | Reached XP level 3. HP: 20/20 MP: 6/6
   958 | D:2      | Reached skill level 1 in Shields
  1271 | D:2      | Found a snail-covered altar of Cheibriados.
  1280 | D:2      | Reached XP level 4. HP: 16/25 MP: 1/7
  1765 | D:3      | HP: 1/25 [orc wizard/magic dart (4)]
  1769 | D:3      | Reached XP level 5. HP: 1/30 MP: 0/9
  1933 | D:3      | Noticed Unforgiven's ghost (amateur OgWz)
  2093 | D:3      | Noticed Terence
  2113 | D:3      | Killed Terence
  2113 | D:3      | Reached skill level 5 in Earth Magic
  2384 | D:3      | Found a sparkling altar of Nemelex Xobeh.
  2601 | D:4      | Noticed Robin
  2618 | D:3      | Learned a level 3 spell: Stone Arrow
  2757 | D:3      | Killed Unforgiven's ghost
  2757 | D:3      | Reached skill level 1 in Conjurations
  2757 | D:3      | Reached XP level 6. HP: 13/36 MP: 2/10
  3042 | D:4      | Killed Robin
  3268 | D:4      | Noticed Sigmund
  3350 | D:4      | Killed Sigmund
  3350 | D:4      | Reached XP level 7. HP: 34/41 MP: 1/12
  3440 | D:4      | Reached skill level 6 in Earth Magic
  3666 | D:4      | Found a shattered altar of Ashenzari.
  3844 | D:5      | Entered Level 5 of the Dungeon
  3928 | D:5      | Reached XP level 8. HP: 24/47 MP: 0/13
  4088 | D:5      | Found a glowing drain.
  4104 | Sewer    | Entered a sewer
  5279 | D:5      | Found an iron altar of Okawaru.
  6047 | D:6      | Reached skill level 7 in Earth Magic
  6055 | D:6      | Reached XP level 9. HP: 52/52 MP: 4/15
  6354 | D:6      | Reached skill level 5 in Fighting
  6357 | D:6      | Reached skill level 5 in Shields
  6894 | D:7      | Reached skill level 5 in Spellcasting
  6952 | D:7      | Got a steaming marble ring
  7260 | D:7      | Learned a level 5 spell: Lee's Rapid Deconstruction
  7265 | D:7      | Learned a level 4 spell: Petrify
  7564 | D:7      | Noticed Joseph
  7615 | D:7      | Killed Joseph
  7766 | D:7      | Found a staircase to the Ecumenical Temple.
  7929 | D:8      | Reached skill level 5 in Conjurations
  8621 | D:8      | Reached skill level 8 in Earth Magic
  9022 | D:9      | Reached XP level 10. HP: 60/60 MP: 7/18
  9353 | D:9      | Reached skill level 5 in Dodging
  9581 | D:10     | Entered Level 10 of the Dungeon
  9951 | D:10     | Found a staircase to the Orcish Mines.
  9956 | D:10     | Found a roughly hewn altar of Beogh.
 10611 | Temple   | Entered the Ecumenical Temple
 10744 | Temple   | Became a worshipper of Vehumet
 10747 | Temple   | Identified the ring of Wu Jian's Condemnation {*Tele +Inv} (You found it on level 7 of the Dungeon)
 11552 | D:10     | Reached skill level 9 in Earth Magic
 11725 | D:11     | Noticed Erolcha
 11730 | D:11     | Reached * piety under Vehumet
 11730 | D:11     | Offered knowledge of Magic Dart by Vehumet.
 11958 | D:11     | Noticed Fannar
 11958 | D:11     | Reached XP level 11. HP: 67/67 MP: 12/21
 11984 | D:11     | Killed Fannar
 12134 | D:11     | Offered knowledge of Sting by Vehumet.
 12138 | D:11     | Reached ** piety under Vehumet
 12360 | D:11     | Killed Erolcha
 12360 | D:11     | Reached skill level 10 in Earth Magic
 12406 | D:11     | Got a crystal quarterstaff {vamp}
 12550 | D:11     | Found a staircase to the Lair.
 12845 | Lair:1   | Entered Level 1 of the Lair of Beasts
 13476 | Lair:1   | Offered knowledge of Throw Frost by Vehumet.
 14011 | Lair:2   | Noticed a seven-headed hydra
 14018 | Lair:2   | Killed a seven-headed hydra
 14184 | Lair:2   | Reached XP level 12. HP: 75/75 MP: 18/23
 14434 | Lair:2   | Slain by a komodo dragon

Skill      XL: |  1  2  3  4  5  6  7  8  9 10 11 12 |
---------------+-------------------------------------+-----
Earth Magic    | 4 5 6 7 8 9 10 | 10.8
Fighting       | 1 2 3 4 6 7 8 9 |  9.1
Shields        | 1 2 3 4 6 |  6.0
Dodging        | 2 3 4 5 6 7 |  7.1
Spellcasting   | 3 4 5 6 7 8 |  8.0
Conjurations   | 1 2 3 5 6 8 |  8.6
Stealth        | |  2.1
Transmutations | |  0.7

Action                   |  1- 3 |  4- 6 |  7- 9 | 10-12 || total
-------------------------+-------+-------+-------+-------++-------
Melee: Short sword       |    90 |   158 |   287 |       ||   535
       Unarmed           |     2 |       |       |       ||     2
       Staff             |       |       |       |    11 ||    11
 Cast: Sandblast         |    21 |    39 |   157 |   279 ||   496
       Stone Arrow       |       |     8 |    22 |    31 ||    61
       Lee's Rapid Decon |       |       |     2 |     1 ||     3
       Petrify           |       |       |     1 |     5 ||     6
Evoke: Wand              |       |       |     5 |       ||     5
  Use: Potion            |       |     1 |       |     3 ||     4
       Scroll            |       |       |       |    20 ||    20
 Stab: Sleeping          |     4 |     7 |     4 |       ||    15
       Petrified         |       |       |     1 |       ||     1
  Eat: Chunk             |     1 |     8 |    14 |    16 ||    39
       Ration            |       |       |     2 |     1 ||     3
Armor: Robe              |    21 |    45 |    98 |    37 ||   201
       Skin              |       |       |       |    20 ||    20
Dodge: Dodged            |    41 |    74 |   204 |   130 ||   449
Block: Buckler           |    23 |    48 |   109 |    60 ||   240
